 Dungeon Crawl Stone Soup version 0.30.1-11-g7821555f0a (webtiles) character file.

Game seed: 14497781707337156357

59 Kagerus the Poker (level 4, -3/33 HPs)
             Began as a Merfolk Gladiator on Oct 29, 2023.
             Shot with an arrow by a centaur (4 damage)
             ... on level 3 of the Dungeon.
             The game lasted 00:03:21 (1508 turns).

Kagerus the Poker (Merfolk Gladiator)               Turns: 1508, Time: 00:03:21

Health: -3/33      AC:  4    Str: 14    XL:     4   Next: 3%
Magic:  4/4        EV: 13    Int:  7    God:
Gold:   88         SH:  0    Dex: 17    Spells: 3/3 levels left

rFire   . . .        a - +0 trident
rCold   . . .        (no shield)
rNeg    . . .        b - +0 leather armour
rPois   .            c - +0 helmet
rElec   .            (no cloak)
rCorr   .            (no gloves)
SInv    .            (no boots)
Will    .....        (no amulet)
Stlth   +            (no ring)
HPRegen 0.25/turn    (no ring)
MPRegen 0.09/turn

%: no passive effects
@: attractive
A: (nimble swimmer 2), mertail, inability to drink after injury 1
a: no special abilities


You were on level 3 of the Dungeon.
You visited 1 branch of the dungeon, and saw 3 of its levels.

You collected 88 gold pieces.

Inventory:

Hand Weapons
 a - a +0 trident (weapon)
Missiles
 d - 3 throwing nets
 e - a javelin
 t - 2 poisoned darts (quivered)
Armour
 b - a +0 leather armour (worn)
 c - a +0 helmet (worn)
Jewellery
 p - the ring "Sagare" {rN+ Will- EV+5 Int+3}
   (You found it on level 2 of the Dungeon)

   [ring of evasion]

   EV:        It affects your evasion (+5).
   Int:       It affects your intelligence (+3).
   rN:        It protects you from negative energy.
   Will:      It decreases your willpower.
Scrolls
 i - a scroll of teleportation {unknown}
 j - a scroll of enchant armour {unknown}
 q - a scroll of brand weapon {unknown}
 r - a scroll of fog {unknown}
 s - a scroll of summoning {unknown}
 u - 3 scrolls of amnesia {unknown}
 v - a scroll of blinking {unknown}
Potions
 f - a potion of magic {unknown}
 g - a potion of heal wounds {unknown}
 h - a potion of degeneration {unknown}
 k - a potion of mutation
 l - a potion of ambrosia {unknown}
 m - a potion of flight {unknown}
 n - a potion of curing


   Skills:
 - Level 2.1 Fighting
 + Level 5.3 Polearms
 + Level 3.2 Throwing
 - Level 4.0 Dodging


You had 3 spell levels left.
You didn't know any spells.
Your spell library was empty.

Dungeon Overview and Level Annotations

Branches:
Dungeon (3/15)

Altars:

Annotations:
D:3 Terence


Innate Abilities, Weirdness & Mutations

((You are very nimble when in or above water. (Stealth+, EV+, Speed+++)))
Your lower body shifts to a powerful aquatic tail in water.
You occasionally lose the ability to drink potions when taking damage.


Message History

You hit the centaur.
The centaur is severely wounded.
The centaur barely misses you. The centaur kicks you.
You barely miss the centaur.
The centaur is severely wounded.
The centaur closely misses you. The centaur kicks you. The centaur hits you.
The centaur kicks you but does no damage.
You hit the centaur but do no damage.
The centaur is severely wounded.
The centaur hits you.
* * * LOW HITPOINT WARNING * * *
The centaur kicks you.
* * * LOW HITPOINT WARNING * * *
The centaur hits you.
* * * LOW HITPOINT WARNING * * *
The centaur kicks you but does no damage.
It was a potion of mutation.
You feel extremely strange.
You occasionally lose the ability to drink potions when taking damage.
The centaur hits you but does no damage.
The centaur kicks you but does no damage.
It was a potion of curing.
You feel better. The centaur closely misses you.
The centaur kicks you but does no damage.
The centaur hits you.
* * * LOW HITPOINT WARNING * * *
The centaur misses you.
You hit the centaur.
The centaur is severely wounded.
The centaur hits you.
* * * LOW HITPOINT WARNING * * *
The centaur misses you.
It was a potion of attraction.
You feel attractive to monsters. The centaur hits you.
* * * LOW HITPOINT WARNING * * *
The centaur kicks you but does no damage.
The centaur barely misses you. The centaur kicks you.
* * * LOW HITPOINT WARNING * * *
The centaur wields a +0 shortbow.
The centaur shoots an arrow.
The arrow hits you.
You die...

#. # #. #.#.
##.#. ....##
#.#..#
#.#..##
#....<#
.....#.@####
### #.....#
#.c?......
#####..##.
#..# #?# ...
..


You could see a centaur.

Vanquished Creatures
  An adder (D:2)
  4 ball pythons (D:2)
  2 bats
  7 endoplasms
  4 giant cockroaches (D:1)
  6 goblins
  3 hobgoblins (D:1)
  4 jackals (D:1)
  2 quokkas (D:1)
  2 frilled lizards
  5 kobolds
  3 rats
43 creatures vanquished.

Notes
Turn   | Place    | Note
-------+----------+-------------------------------------------
     0 | D:1      | Kagerus the Merfolk Gladiator began the quest for the Orb.
     0 | D:1      | Reached XP level 1. HP: 16/16 MP: 1/1
    48 | D:1      | Reached XP level 2. HP: 19/22 MP: 2/2
   294 | D:1      | Reached XP level 3. HP: 26/27 MP: 3/3
   773 | D:2      | Reached skill level 5 in Polearms
   836 | D:2      | Identified the ring "Sagare" {rN+ Will- EV+5 Int+3}
  1298 | D:2      | Reached XP level 4. HP: 33/33 MP: 4/4
  1463 | D:3      | Noticed Terence
  1488 | D:3      | Noticed a centaur
  1504 | D:3      | Gained mutation: You occasionally lose the ability to drink
                  | potions when taking damage. [potion of mutation]
  1507 | D:3      | HP: 1/33 [centaur (1)]
  1508 | D:3      | Shot with an arrow by a centaur

Illustrated notes

Levels and vault maps discovered:
D:1:      zelgadis_glass_arrival_small, layout_loops_ring
D:2:      layout_loops_ring, minmay_misc_feat_encased
D:3:      layout_basic, minitemple, nicolae_overflow_ecumenical_swirl,
          uniq_natasha, uniq_crazy_yiuf_cottage, uniq_terence, uniq_grinder

Skill      XL: |  1  2  3 |
---------------+----------+-----
Polearms       | 5 |  5.3
Throwing       | 3 |  3.2
Fighting       | |  2.1
Dodging        | |  4.0

Action                     |  1- 3 |  4- 6 || total
---------------------------+-------+-------++-------
  Melee: Trident           |   123 |    10 ||   133
         Punch             |     4 |     1 ||     5
  Throw: Dart              |     2 |       ||     2
    Use: Potion            |       |     3 ||     3
   Stab: Sleeping          |     6 |       ||     6
         Distracted        |     1 |       ||     1
 Armour: Leather armour    |    30 |    12 ||    42
  Dodge: Dodged            |    58 |    19 ||    77
